 Dungeon Crawl Stone Soup version 0.28-a0-1159-g27aa881441 (webtiles) character file.

Game seed: 9997248375447744457

73 Sweetruy1997 the Grasshopper (level 4, -2/36 HPs)
             Began as a Ghoul Warper on Dec 15, 2021.
             Slain by an orc (4 damage)
             ... on level 3 of the Dungeon.
             The game lasted 00:05:29 (2180 turns).

Sweetruy1997 the Grasshopper (Ghoul Warper)         Turns: 2180, Time: 00:05:30

Health: -2/36      AC:  5    Str: 14    XL:     4   Next: 27%
Magic:  0/6        EV: 11    Int: 10    God:
Gold:   49         SH:  0    Dex:  8    Spells: 2/7 levels left

rFire   . . .      SeeInvis +     - Unarmed
rCold   + . .      Faith    .   (no shield)
rNeg    + + +      Spirit   .   a - +0 leather armour
rPois   ∞          Reflect  .   e - +1 helmet
rElec   .          Harm     .   (no cloak)
rCorr   .          Rampage  .   (no gloves)
Will    .....                   (no boots)
Stlth   +.........              (no amulet)
HPRegen 0.00/turn               g - ring of see invisible
MPRegen 0.10/turn               (no ring)

@: very slightly contaminated, inhibited regen
A: claws 1, cold resistance 1, negative energy resistance 3, inhibited
regeneration, torment resistance 2
a: no special abilities


You were on level 3 of the Dungeon.
You visited 1 branch of the dungeon, and saw 3 of its levels.

You collected 49 gold pieces.

Inventory:

Missiles
 l - 6 boomerangs
Armour
 a - a +0 leather armour (worn)
 e - a +1 helmet (worn)
Jewellery
 g - a ring of see invisible (left claw)
 h - a ring of protection from cold
Scrolls
 b - 2 scrolls of blinking
 c - a scroll of teleportation {unknown}
 f - 3 scrolls of identify {unknown}
Potions
 d - a potion of heal wounds {unknown}
 i - a potion of haste {unknown}
 j - a potion of cancellation {unknown}
 k - a potion of curing {unknown}


   Skills:
 + Level 2.2 Fighting
 + Level 1.0 Throwing
 + Level 1.5 Armour
 + Level 1.8 Dodging
 + Level 3.1 Unarmed Combat
 + Level 2.2 Spellcasting
 + Level 3.3 Translocations


You had 2 spell levels left.
You knew the following spells:

 Your Spells              Type           Power      Damage    Failure   Level
a - Blink                 Tloc           14%        N/A       14%         2
b - Gell's Gravitas       Tloc           7%         N/A       28%         3

Your spell library contained the following spells:

 Spells                   Type           Power      Damage    Failure   Level
 Lesser Beckoning         Tloc           7%         N/A       28%         3
 Teleport Other           Tloc           7%         N/A       28%         3
 Manifold Assault         Tloc           7%         N/A       95%         5


Dungeon Overview and Level Annotations

Branches:
Dungeon (3/15)

Altars:


Innate Abilities, Weirdness & Mutations

You thrive by killing the living.
You are immune to poison.
You have sharp fingernails.
Your flesh is cold resistant. (rC+)
You are immune to negative energy. (rN+++)
You do not regenerate when monsters are visible.
You are immune to unholy pain and torment.


Message History

The orc hits you but does no damage.
You scratch the orc.
The orc is severely wounded.
The orc misses you.
You scratch the orc but do no damage.
The orc is severely wounded.
The orc closely misses you.
You scratch the orc but do no damage.
The orc is severely wounded.
The orc hits you with a +1 flail of protection.
You barely miss the orc.
The orc is severely wounded.
The orc barely misses you.
You closely miss the orc.
The orc is severely wounded.
The orc barely misses you.
You scratch the orc.
The orc is severely wounded.
The orc hits you with a +1 flail of protection!
You scratch the orc.
The orc is almost dead.
The orc hits you with a +1 flail of protection!
* * * LOW HITPOINT WARNING * * *
You completely miss the orc.
The orc is almost dead.
The orc hits you but does no damage.
You are too injured to fight recklessly!
Casting: Blink (safe; 14% risk of failure)
Confirm with . or Enter, or press ? or * to list all spells.
You miscast Blink.
You are very lightly contaminated with residual magic.
Nothing appears to happen.
The orc closely misses you.
Casting: Blink (safe; 14% risk of failure)
Confirm with . or Enter, or press ? or * to list all spells.
You miscast Blink.
Nothing appears to happen.
The orc barely misses you.
Casting: Blink (safe; 14% risk of failure)
Confirm with . or Enter, or press ? or * to list all spells.
You miscast Blink.
Nothing appears to happen.
The orc hits you with a +1 flail of protection.
You die...

#... . #.... .
#..#. .# #...
... #..# ##.#
#######..# #?#.#
#........#.###.#
#####)@o......
#....#)#.###.#
#.<#.#.....
####.#.#####
..#.# ###.# #.#
#.#


You could see an orc.

Vanquished Creatures
  A gnoll (D:1)
  2 adders (D:2)
  A worm (D:2)
  2 dart slugs
  An orc (D:2)
  A giant cockroach (D:2)
  5 goblins
  2 hobgoblins
  A quokka (D:1)
  5 ball pythons
  2 bats
  7 frilled lizards
  5 kobolds
  4 rats
39 creatures vanquished.

Notes
Turn   | Place    | Note
-------+----------+-------------------------------------------
     0 | D:1      | Sweetruy1997 the Ghoul Warper began the quest for the Orb.
     0 | D:1      | Reached XP level 1. HP: 17/17 MP: 2/2
   219 | D:1      | Reached XP level 2. HP: 9/24 MP: 4/4
   453 | D:1      | Learned a level 2 spell: Blink
   624 | D:1      | Reached skill level 1 in Armour
   756 | D:1      | Reached XP level 3. HP: 29/29 MP: 0/5
  1603 | D:2      | Learned a level 3 spell: Gell's Gravitas
  1980 | D:2      | Reached XP level 4. HP: 27/36 MP: 4/6
  2165 | D:3      | Reached skill level 1 in Throwing
  2180 | D:3      | Slain by an orc

Illustrated notes

Levels and vault maps discovered:
D:1:      minmay_arrival_plants_in_alcoves, layout_basic, corner_web_ring,
          st_stairs_5, patterned_corridor
D:2:      layout_basic
D:3:      layout_basic, nemelex_dance_club_becter, minmay_surrounded, uniq_ijyb,
          uniq_grinder

Skill      XL: |  1  2  3  4 |
---------------+-------------+-----
Spellcasting   | 2 |  2.2
Translocations | 3 |  3.3
Armour         | 1 |  1.5
Unarmed Combat | 3 |  3.1
Throwing       | 1 |  1.0
Fighting       | |  2.2
Dodging        | |  1.8

Action                   |  1- 3 |  4- 6 || total
-------------------------+-------+-------++-------
Melee: Unarmed           |   122 |    29 ||   151
       Punch             |       |     1 ||     1
Throw: Boomerang         |     5 |       ||     5
 Cast: Blink             |     8 |     2 ||    10
Armor: Leather armour    |    27 |     5 ||    32
Dodge: Dodged            |    56 |    13 ||    69

Table legend: (Time is in decaauts)
 A = Elapsed time spent in this place.
 B = Non-inter-level travel time spent in this place.
 C = Inter-level travel time spent in this place.
 D = Time resting spent in this place.
 E = Time spent auto-exploring this place.
 F = Levels seen in this place.
 G = Mean time per level.
                   A        B        C        D        E       F      G
               +--------+--------+--------+--------+--------+-----+--------+
         Total |   2173 |   2143 |     30 |    221 |   1606 |   3 |  724.3 |
       Dungeon |   2173 |   2143 |     30 |    221 |   1606 |   3 |  724.3 |
               +--------+--------+--------+--------+--------+-----+--------+

Top non-repeatable levels by time:
     D:1: 1370 daAuts
     D:2: 780 daAuts
     D:3: 23 daAuts
